 Dungeon Crawl Stone Soup version 0.22-a0-553-g9358b0b (webtiles) character file.

70658 Amnesiac the Fighter (level 15, -7/84 HPs)
             Began as a Vine Stalker Berserker on June 25, 2018.
             Was the Champion of Trog.
             Mangled by a lajatang of venom (14 damage)
             ... on level 2 of the Elven Halls.
             The game lasted 00:37:45 (14777 turns).

Amnesiac the Fighter (Vine Stalker Berserker)      Turns: 14777, Time: 00:37:46

Health: -7/84      AC: 19    Str: 30    XL:     15   Next: 34%
Magic:  0/24       EV: 17    Int:  7    God:    Trog [******]
Gold:   1256       SH:  5    Dex: 15    Spells: 14/14 levels left

rFire    . . .     SeeInvis .   m - +1 quick blade of the Lame Duck {drain, rC+ Str+3}
rCold    + + +     Gourm    .   s - +0 buckler
rNeg     . . .     Faith    +   L - +4 ring mail of Kaboshritz {rPois rC+ Str+2}
rPois    +         Spirit   +   w - +2 helmet
rElec    .         Reflect  .   u - +0 cloak {+Inv}
rCorr    .         Harm     .   r - +1 pair of gloves
MR       +++..                  h - +0 pair of boots
Stlth    ..........             d - amulet of faith
HPRegen  2.04/turn              q - ring of protection from cold
MPRegen  0.19/turn              J - ring of loudness (curse)

@: lethally poisoned (-7 -> -9), slightly contaminated, regenerating, heavily
drained, invisible
A: fangs 3, regeneration 2, magic shield, antimagic bite, no potion heal 3, rot
immunity
a: Berserk, Trog's Hand, Brothers in Arms, Renounce Religion


You were on level 2 of the Elven Halls.
You worshipped Trog.
Trog was exalted by your worship.
You were very hungry.

You visited 5 branches of the dungeon, and saw 17 of its levels.

You collected 2036 gold pieces.
You spent 780 gold pieces at shops.

Inventory:

Hand Weapons
 b - a +0 blowgun
 m - the +1 quick blade of the Lame Duck (weapon) {drain, rC+ Str+3}
   (Trog gifted it to you on level 1 of the Elven Halls)

   A truly terrible weapon, it drains the life of those it strikes.
   It affects your strength (+3).
   It protects you from cold.
Missiles
 X - 2 throwing nets (quivered)
Armour
 h - a +0 pair of boots (worn)
 r - a +1 pair of gloves (worn)
 s - a +0 buckler (worn)
 u - a +0 cloak of invisibility (worn)
 w - a +2 helmet (worn)
 L - the +4 ring mail of Kaboshritz (worn) {rPois rC+ Str+2}
   (You found it on level 8 of the Dungeon)

   It affects your strength (+2).
   It protects you from cold.
   It protects you from poison.
 V - the +2 cloak of the Thief {+Fog Slay-2 SInv Stlth+}
   (You found it on level 11 of the Dungeon)

   It affects your accuracy and damage with ranged weapons and melee attacks
   (-2).
   It lets you see invisible.
   It makes you more stealthy.
Jewellery
 d - an amulet of faith (around neck)
 f - an uncursed amulet of magic regeneration
 k - an uncursed ring of ice
 n - an uncursed ring of poison resistance
 q - a ring of protection from cold (left hand)
 C - an uncursed ring of protection from fire
 J - a cursed ring of loudness (right hand)
 N - a +3 amulet of reflection
 U - an uncursed amulet of the acrobat
Wands
 t - a wand of acid (12)
 y - a wand of enslavement (22)
 z - a wand of digging (2)
 M - a wand of disintegration (15)
 O - a wand of polymorph (19)
Scrolls
 a - a scroll of enchant armour {!r, unknown}
 e - 12 scrolls of identify {!r}
 g - a scroll of brand weapon {!r, unknown}
 l - a scroll of enchant weapon {!r, unknown}
 p - 2 scrolls of immolation {!r, unknown}
Potions
 i - a potion of mutation {!q, unknown}
 o - a potion of curing {!q, unknown}
Miscellaneous
 D - a sack of spiders
 K - a lightning rod (4/4)
 S - a lamp of fire
 Y - a phial of floods
Comestibles
 c - 16 rations


   Skills:
 + Level 11.9(10.5) Fighting
 - Level 8.0(6.7) Short Blades
 + Level 11.0(9.6) Armour
 + Level 10.9(9.5) Dodging
 - Level 4.0(2.8) Shields
 + Level 11.4(9.9) Evocations


You had 14 spell levels left.
You didn't know any spells.
Your spell library contained the following spells:

 Spells                   Type           Power        Failure   Level  Hunger
 Magic Dart               Conj           #...         58%         1    ##.....
 Conjure Flame            Conj/Fire      #.......     91%         3    ####...
 Slow                     Hex            #.......     73%         2    ###....
 Mephitic Cloud           Conj/Pois/Air  #.......     91%         3    ####...
 Blink                    Tloc           N/A          73%         2    ###....
 Call Imp                 Summ           #.......     73%         2    ###....
 Regeneration             Chrm/Necr      #.........   91%         3    ####...
 Deflect Missiles         Chrm/Air       #.........   100%        6    #######
 Summon Butterflies       Summ           #.......     58%         1    ##.....
 Silence                  Hex/Air        #.........   100%        5    ######.
 Conjure Ball Lightning   Conj/Air       #.........   100%        6    #######
 Tornado                  Air            #.........   100%        9    #######
 Summon Hydra             Summ           #.........   100%        7    #######
 Shroud of Golubria       Chrm/Tloc      #.........   73%         2    ###....
 Infusion                 Chrm           #...         58%         1    ##.....
 Song of Slaying          Chrm           #.......     73%         2    ###....
 Spectral Weapon          Hex/Chrm       #.......     91%         3    ####...
 Summon Lightning Spire   Summ/Air       #.......     100%        4    #####..
 Summon Guardian Golem    Hex/Summ       #.......     91%         3    ####...
 Summon Mana Viper        Hex/Summ       #.......     100%        5    ######.


Dungeon Overview and Level Annotations

Branches:
Dungeon (11/15)            Temple (1/1) D:6            Lair (1/6) D:9
    Orc (2/2) D:11            Elf (2/3) Orc:2

Altars:
Ashenzari
Cheibriados
Dithmenos
Elyvilon
Fedhas
Gozag
Hepliaklqana
Kikubaaqudgha
Makhleb
Nemelex Xobeh
Okawaru
Qazlal
Ru
Sif Muna
Trog
Uskayaw
Vehumet
Wu Jian
Xom
Yredelemnul
Zin
The Shining One
Beogh

Shops:
D:5 *   Orc:2 }!:(   Elf:1 =(?%*

Portals:
Trove: Elf:1 (give 18 scrolls of identify)


Innate Abilities, Weirdness & Mutations

You have razor-sharp teeth.
You heal very quickly.
When hurt, damage is shared between your health and your magic reserves.
Your bite disrupts and absorbs the magic of your enemies.
Potions cannot restore your health.
You are immune to rotting.


Message History

* * * LOW HITPOINT WARNING * * *
You feel drained.
* * * LOW HITPOINT WARNING * * *
You block the trident of venom's attack.
You hit the mace of draining but do no damage.
The mace of draining is severely damaged.
You catch the helpless mace of draining completely off-guard!
You puncture the mace of draining!
The mace of draining falls from the air.
Trog accepts your kill.
Your base Armour skill increases to level 11!
The trident of venom barely misses you.
You miss the mace of protection. You bite the mace of protection.
You drain its power.
You feel invigorated.
The mace of protection is lightly damaged.
The mace of protection hits you!
* * * LOW HITPOINT WARNING * * *
You miss the mace of protection. You bite the mace of protection.
You drain its power.
You feel invigorated.
The mace of protection is lightly damaged.
You catch the helpless mace of protection completely off-guard!
You puncture the mace of protection!
You bite the mace of protection, but do no damage.
The mace of protection is heavily damaged.
You block the mace of protection's attack.
You hit the mace of protection.
The mace of protection is severely damaged.
The deep elf knight gestures at the mace of protection while chanting.
The orb of energy hits the lajatang of venom.
The orb of energy explodes!
The mystic blast hits the mace of protection.
The mace of protection falls from the air.
You hit the trident of venom but do no damage.
You bite the trident of venom! You drain its power.
You feel invigorated.
The trident of venom is heavily damaged.
You hit the trident of venom but do no damage.
The trident of venom is heavily damaged.
You block the trident of venom's attack.
You barely miss the lajatang of venom.
The lajatang of venom is moderately damaged.
You hit the lajatang of venom but do no damage.
The lajatang of venom is moderately damaged.
The lajatang of venom hits you!
* * * LOW HITPOINT WARNING * * *
You hit the lajatang of venom but do no damage.
The lajatang of venom is moderately damaged.
You miss the lajatang of venom.
The lajatang of venom is moderately damaged.
The lajatang of venom hits you!!
* * * LOW HITPOINT WARNING * * *
You are lethally poisoned!
Okay, then.
Okay, then.
Okay, then.
Your skin crawls.
You feel resistant to hostile enchantments.
You feel quite a bit more hungry.
You feel very sick.
The trident of venom hits you but does no damage.
The lajatang of venom barely misses you.
The trident of venom completely misses you.
You feel very sick. The lajatang of venom hits you!!
You die...

......... .........
.............. ........#
............# .......##
##..........#
........###...........##
.........#.............#
.......................##
........................#
...............(@........
..............)(##.......
..............e## #......
................##.......
................((.......
................e.......#
.......................##
.........#.............#
........###...........##


You could see a deep elf knight and 2 dancing weapons.

Vanquished Creatures
  An orc warlord (D:9)
  A deep elf demonologist (Elf:1)
  Snorg (Orc:1)
  Erolcha (Orc:2)
  A hydra (D:11)
  4 two-headed ogres
  23 dancing weapons
  The ghost of pedritolo the Cleaver, a journeyman MiCK of Xom (Orc:1)
  Nergalle (Orc:2)
  10 deep elf knights
  2 unseen horrors (D:11)
  7 deep elf archers
  3 orc knights
  8 orc sorcerers (Orc:2)
  A cyclops (D:11)
  43 deep elf magi
  An ugly thing (D:11)
  An elephant (D:9)
  A gargoyle (D:10)
  A spiny frog (Lair:1)
  A komodo dragon (Lair:1)
  A meliai (shapeshifter) (D:11)
  A troll (D:11)
  2 hippogriffs
  The ghost of inc the Digger, an amateur OpEE (D:4)
  2 air elementals
  A spriggan (D:10)
  A water elemental (Elf:1)
  A wraith (D:11)
  12 yaks
  2 fire elementals (Elf:2)
  2 hungry ghosts
  2 basilisks
  16 wargs
  A water moccasin (D:6)
  8 ice beasts
  25 orc warriors
  2 sky beasts (D:8)
  4 phantoms
  A necrophage (D:10)
  4 eyes of draining
  16 ogres
  6 centaurs
  A crocodile (D:9)
  3 big kobolds
  3 bullfrogs
  A wyvern zombie (D:11)
  An earth elemental (Elf:2)
  A scorpion (shapeshifter) (D:11)
  2 scorpions
  A wyvern skeleton (D:9)
  An electric eel (D:11)
  13 wights
  4 howler monkeys
  8 crimson imps
  3 centaur zombies
  2 bullfrog zombies (D:6)
  11 hounds
  A quasit (D:10)
  28 orc wizards
  15 orc priests
  2 centaur skeletons
  A jelly (D:7)
  Crazy Yiuf (D:3)
  4 bullfrog skeletons
  Terence (D:2)
  Natasha (thrice) (D:4)
  11 worker ants
  A hound zombie (D:8)
  A worker ant zombie (D:7)
  Robin (D:3)
  3 gnolls (D:7)
  17 adders
  2 shadow imps
  2 oozes
  An adder zombie (D:6)
  3 adder skeletons
  A worm (D:3)
  2 dart slugs
  6 leopard geckos
  93 orcs
  3 ball pythons
  6 bats
  6 giant cockroaches
  17 goblins
  12 hobgoblins
  5 jackals
  4 quokkas
  7 frilled lizards
  19 kobolds
  A leopard gecko skeleton (D:4)
  A quokka skeleton (D:7)
  A quokka zombie (D:5)
  7 rats
568 creatures vanquished.

Vanquished Creatures (others)
  A dancing weapon (Elf:2)
  A deep elf mage (Elf:1)
  A yak (D:10)
  An orc wizard (Orc:2)
  A plant (D:9)
5 creatures vanquished.

Grand Total: 573 creatures vanquished

Notes
Turn   | Place    | Note
-------+----------+-------------------------------------------
     0 | D:1      | Amnesiac the Vine Stalker Berserker began the quest for the Orb.
     0 | D:1      | Reached XP level 1. HP: 11/11 MP: 2/2
    50 | D:1      | Reached XP level 2. HP: 12/16 MP: 1/3
   786 | D:1      | Reached XP level 3. HP: 13/19 MP: 4/4
   798 | D:1      | Reached ** piety under Trog
  1207 | D:2      | Gained mutation: Your natural rate of healing is unusually fast. [Vine Stalker growth]
  1207 | D:2      | Reached XP level 4. HP: 15/24 MP: 5/5
  1214 | D:2      | Found a burning altar of Makhleb.
  1344 | D:2      | Found a hide-covered altar of Uskayaw.
  1669 | D:2      | Noticed Terence
  1684 | D:2      | Killed Terence
  1684 | D:2      | Reached XP level 5. HP: 24/28 MP: 6/6
  2124 | D:3      | Found a stormy altar of Qazlal.
  2241 | D:3      | Reached XP level 6. HP: 32/32 MP: 7/7
  2281 | D:3      | Noticed Robin
  2294 | D:3      | Reached *** piety under Trog
  2308 | D:3      | Killed Robin
  2370 | D:3      | Found a runed door.
  2520 | D:3      | Found a sacrificial altar of Ru.
  2616 | D:3      | Noticed Crazy Yiuf
  2621 | D:3      | Killed Crazy Yiuf
  2720 | D:4      | Noticed a phantom
  2779 | D:4      | Killed a phantom
  2817 | D:4      | Reached skill level 1 in Evocations
  2817 | D:4      | Reached XP level 7. HP: 37/37 MP: 8/8
  2874 | D:4      | Found the +16 mace of Variability {chaos}
  2935 | D:4      | Noticed Natasha
  2941 | D:4      | Killed Natasha
  2941 | D:4      | Reached skill level 5 in Short Blades
  3088 | D:4      | Noticed Natasha
  3094 | D:4      | Killed Natasha
  3155 | D:4      | Noticed Natasha
  3166 | D:4      | Killed Natasha
  3287 | D:4      | Reached **** piety under Trog
  3334 | D:4      | Found a runed door.
  3337 | D:4      | Noticed inc's ghost (amateur OpEE)
  3341 | D:4      | Gained mutation: You have razor-sharp teeth. [Vine Stalker growth]
  3341 | D:4      | Reached XP level 8. HP: 42/42 MP: 10/10
  3362 | D:4      | Killed inc's ghost
  3387 | D:4      | Found an opulent altar of Gozag.
  3449 | D:5      | Entered Level 5 of the Dungeon
  3491 | D:5      | Found Witwal's Assorted Antiques.
  3497 | D:5      | Bought a faintly glowing garnet amulet for 115 gold pieces
  3497 | D:5      | Identified the amulet of Uwnumen {*Corrode MR+ Regen+ Int+3} (You bought it in a shop on level 5 of the Dungeon)
  3719 | D:5      | Noticed a hippogriff
  3726 | D:5      | Killed a hippogriff
  3844 | D:5      | Reached skill level 5 in Fighting
  3844 | D:5      | Reached XP level 9. HP: 47/47 MP: 12/12
  4091 | D:5      | Bought a shiny helmet for 172 gold pieces
  4203 | D:6      | Found a staircase to the Ecumenical Temple.
  4265 | Temple   | Entered the Ecumenical Temple
  4756 | D:6      | Found a snail-covered altar of Cheibriados.
  4813 | D:6      | Found a bloodstained altar of Trog.
  5141 | D:7      | Reached skill level 5 in Armour
  5306 | D:7      | Reached XP level 10. HP: 53/53 MP: 14/14
  5311 | D:7      | Reached ***** piety under Trog
  5311 | D:7      | Reached skill level 5 in Dodging
  5757 | D:8      | Noticed a two-headed ogre
  5771 | D:8      | Killed a two-headed ogre
  5784 | D:8      | Got a dazzling ring mail
  5807 | D:8      | Identified the +4 ring mail of Kaboshritz {rPois rC+ Str+2} (You found it on level 8 of the Dungeon)
  5978 | D:8      | Reached skill level 5 in Evocations
  6573 | D:9      | Noticed a two-headed ogre
  6582 | D:9      | Killed a two-headed ogre
  6641 | D:9      | Reached XP level 11. HP: 58/58 MP: 16/16
  6699 | D:9      | Found a staircase to the Lair.
  7049 | D:9      | Reached ****** piety under Trog
  7123 | D:9      | Noticed an orc warlord
  7144 | D:9      | Killed an orc warlord
  7211 | D:9      | Received a gift from Trog
  7214 | D:9      | Got an ivory arbalest {god gift}
  7215 | D:9      | Identified the +3 arbalest "Vuew" {freeze, *Slow Fragile MR+++ Int+8} (Trog gifted it to you on level 9 of the Dungeon)
  7392 | D:9      | Found a glowing silver altar of Zin.
  7601 | D:9      | Noticed an orc knight
  7646 | D:9      | Killed an orc knight
  7757 | D:5      | Bought a brass ring for 115 gold pieces
  7757 | D:5      | Bought a scroll labeled VIVOTUI EZEAW for 23 gold pieces
  7757 | D:5      | Bought a large jade amulet for 115 gold pieces
  7757 | D:5      | Bought a scroll labeled SOEZXUISOECW for 23 gold pieces
  7757 | D:5      | Bought a viscous brown potion for 20 gold pieces
  7852 | Lair:1   | Entered Level 1 of the Lair of Beasts
  7897 | D:10     | Entered Level 10 of the Dungeon
  7980 | D:10     | Found a deep blue altar of Sif Muna.
  8343 | D:10     | Gained mutation: You heal very quickly. [Vine Stalker growth]
  8343 | D:10     | Reached XP level 12. HP: 62/65 MP: 16/18
  8386 | D:10     | Got a bloodstained mace
  9035 | D:11     | Found a staircase to the Orcish Mines.
  9078 | D:11     | Found a roughly hewn altar of Beogh.
  9209 | D:11     | Received a gift from Trog
  9291 | D:11     | Noticed a six-headed hydra
  9332 | D:11     | Killed a six-headed hydra
  9378 | D:11     | Noticed a two-headed ogre
  9433 | D:11     | Noticed a two-headed ogre
  9436 | D:11     | Killed a two-headed ogre
  9459 | D:11     | Killed a two-headed ogre
  9706 | D:11     | Found the +2 cloak of the Thief {+Fog Slay-2 SInv Stlth+}
 10027 | Orc:1    | Entered Level 1 of the Orcish Mines
 10033 | Orc:1    | Found a runed gate.
 10034 | Orc:1    | Noticed pedritolo's ghost (journeyman MiCK)
 10038 | Orc:1    | Found a runed gate.
 10038 | Orc:1    | Found a runed gate.
 10257 | Orc:1    | Noticed Snorg
 10261 | Orc:1    | Reached XP level 13. HP: 71/71 MP: 15/20
 10269 | Orc:1    | Killed Snorg
 10688 | Orc:1    | Killed pedritolo's ghost
 10722 | Orc:2    | Entered Level 2 of the Orcish Mines
 10736 | Orc:2    | Found a staircase to the Elven Halls.
 10839 | Orc:2    | Received a gift from Trog
 10993 | Orc:2    | Reached skill level 10 in Fighting
 11106 | Orc:2    | Found a roughly hewn altar of Beogh.
 11487 | Orc:2    | Found Suhyam's Gadget Emporium.
 11506 | Orc:2    | Found an ancient bone altar of Kikubaaqudgha.
 11506 | Orc:2    | Noticed Nergalle
 11517 | Orc:2    | Paralysed by an orc sorcerer for 2 turns
 11554 | Orc:2    | Killed Nergalle
 11561 | Orc:2    | Received a gift from Trog
 11623 | Orc:2    | Noticed Erolcha
 11663 | Orc:2    | Found a roughly hewn altar of Beogh.
 11663 | Orc:2    | Found Howkoa's Distillery.
 11672 | Orc:2    | Found Eczuastruiqa's Book Emporium.
 11733 | Orc:2    | Killed Erolcha
 11736 | Orc:2    | Found a radiant altar of Vehumet.
 11771 | Orc:2    | Found Erghol's Antique Weapon Shoppe.
 12019 | Elf:1    | Entered Level 1 of the Elven Halls
 12067 | Elf:1    | Found Omaet's Antique Weapon Boutique.
 12243 | Elf:1    | Reached skill level 10 in Evocations
 12314 | Elf:1    | Found an ancient bone altar of Kikubaaqudgha.
 12322 | Elf:1    | Found Oleytet's Food Shop.
 12591 | Elf:1    | Found Quughid's Assorted Antiques.
 12599 | Elf:1    | Bought a scroll labeled SOEZXUISOECW for 24 gold pieces
 12599 | Elf:1    | Bought a fizzy emerald potion for 21 gold pieces
 12599 | Elf:1    | Bought a scroll labeled BINUG OSYGOA for 24 gold pieces
 12599 | Elf:1    | Bought a scroll labeled SOEZXUISOECW for 24 gold pieces
 12599 | Elf:1    | Bought a wand of enslavement (12) for 48 gold pieces
 12628 | Elf:1    | Found Ovirauta's Magic Scroll Emporium.
 12639 | Elf:1    | Reached XP level 14. HP: 74/77 MP: 22/22
 12682 | Elf:1    | Noticed a deep elf demonologist
 12692 | Elf:1    | Killed a deep elf demonologist
 12707 | Elf:1    | Received a gift from Trog
 12707 | Elf:1    | Reached skill level 10 in Armour
 12710 | Elf:1    | Got a transparent quick blade {god gift}
 12711 | Elf:1    | Identified the +1 quick blade of the Lame Duck {drain, rC+ Str+3} (Trog gifted it to you on level 1 of the Elven Halls)
 12719 | Elf:1    | Reached skill level 10 in Dodging
 12777 | Elf:1    | Identified Mnoleg's Tome of Summoning
 12822 | Elf:1    | Found a portal to a secret trove of treasure.
 12926 | Elf:1    | Bought a scroll of identify for 28 gold pieces
 12926 | Elf:1    | Bought a scroll of identify for 28 gold pieces
 13054 | Elf:1    | Found Juelasi's Jewellery Boutique.
 13868 | Elf:2    | Received a gift from Trog
 13992 | Elf:2    | Found a runed door.
 14111 | Elf:2    | Reached skill level 1 in Shields
 14113 | Elf:2    | Found a runed door.
 14401 | Elf:2    | Reached XP level 15. HP: 78/83 MP: 21/24
 14777 | Elf:2    | Mangled by a lajatang of venom

Vault maps used:
D:1:      mrwooster_arrival_statue_2, feat_on_display
D:2:      nicolae_overflow_crystal_walls, makhleb_heckhound_becter,
          serial_glass, glass_columns_a, glass_columns_b, glass_columns_c,
          glass_columns_b, glass_columns_c, glass_columns_a, glass_columns_a,
          glass_columns_b, minmay_octomino_c4, uniq_terence
D:3:      lemuel_coloured_pillars_altar, first_ration,
          nicolae_qazlal_eye_of_the_storm, uniq_robin, uniq_crazy_yiuf_cottage
D:4:      kennysheep_mini_moat, ebering_ghost_reflecting_pool, minivault_19,
          kennysheep_potato, uniq_natasha
D:5:      serial_shops, shop
D:6:      trog_eyes_of_draining, temple_fountains, kennysheep_slug_shrine
D:9:      lemuel_castle_with_subvaults, zin_scriptorium, david_lair_generic,
          kennysheep_nondescript
D:10:     grunt_pizzeria, lemuel_tele_altar
D:11:     minmay_the_grid_four_pointed_star, minmay_orc_entry_temple_small,
          kennysheep_island_fort
Temple:   regret_index_temple_sphere_string
Lair:1:   minmay_lair_venomous_thicket, serial_bayou_crossing
Orc:1:    ebering_ghost_rock_garden, uniq_snorg
Orc:2:    kennysheep_orc_mage_school, minmay_orc_temple_a
Elf:1:    minmay_elf_arrival_summoners, serial_shops, shop, shop, shop, shop,
          nicolae_shop_competitors_out_of_business, enter_trove_3, basic_altar,
          minmay_elf_demonology

Skill      XL: |  1  2  3  4  5  6  7  8  9 10 11 12 13 14 15 |
---------------+----------------------------------------------+-----
Short Blades   | 3 4 5 6 8 |  8.0
Fighting       | 3 4 5 7 8 9 10 11 | 11.9
Armour         | 2 3 4 5 6 7 8 9 10 11 | 11.0
Dodging        | 2 3 4 6 7 8 9 10 | 10.9
Evocations     | 1 3 4 5 7 8 10 11 | 11.4
Shields        | 3 4 |  4.0

Action                   |  1- 3 |  4- 6 |  7- 9 | 10-12 | 13-15 || total
-------------------------+-------+-------+-------+-------+-------++-------
Melee: Short sword       |    99 |   149 |       |       |       ||   248
       Bite              |    24 |    47 |   150 |   455 |   452 ||  1128
       Dagger            |       |    55 |   367 |  1087 |   485 ||  1994
       Great mace        |       |       |    15 |       |       ||    15
       Quick blade       |       |       |       |       |   589 ||   589
Invok: Berserk           |     1 |       |       |     2 |     3 ||     6
       Trog's Hand       |       |       |       |       |     1 ||     1
 Abil: Evoke Invisibilit |       |       |     1 |    10 |    11 ||    22
       Evoke Fog         |       |       |       |       |     4 ||     4
Evoke: Wand              |       |       |       |     3 |       ||     3
 Stab: Sleeping          |     1 |       |       |       |       ||     1
       Invisible         |       |       |     2 |    28 |    52 ||    82
  Eat: Chunk             |     2 |     5 |     9 |    25 |    20 ||    61
       Ration            |       |       |       |       |     1 ||     1
Armor: Animal skin       |     9 |     2 |       |       |       ||    11
       Scale mail        |       |    79 |   125 |    10 |       ||   214
       Ring mail         |       |       |       |   260 |   200 ||   460
Dodge: Dodged            |    54 |   110 |   148 |   628 |   473 ||  1413
Block: Other             |       |       |       |    43 |       ||    43
       Reflection        |       |       |       |     6 |       ||     6
       Buckler           |       |       |       |       |    18 ||    18

Table legend:
 A = Spawn XP
 B = Non-spawn XP
 C = Spawn XP percentage of total XP
 D = Spawn monster count
 E = Non-spawn monster count
 F = Spawn count percentage of total count
 G = Total turns spent on level
                    A         B        C        D         E        F      G
               +---------+---------+-------+---------+---------+-------+---------
         Total |       0 |  100940 |   0.0 |       0 |     572 |   0.0 | 14777
               +---------+---------+-------+---------+---------+-------+---------
           D:1 |       0 |      52 |   0.0 |       0 |      29 |   0.0 |  1133
           D:2 |       0 |     150 |   0.0 |       0 |      20 |   0.0 |   752
           D:3 |       0 |     211 |   0.0 |       0 |      34 |   0.0 |   809
           D:4 |       0 |    1043 |   0.0 |       0 |      22 |   0.0 |   755
           D:5 |       0 |     975 |   0.0 |       0 |      16 |   0.0 |   766
           D:6 |       0 |    1906 |   0.0 |       0 |      29 |   0.0 |   741
           D:7 |       0 |     559 |   0.0 |       0 |      18 |   0.0 |   694
           D:8 |       0 |    2205 |   0.0 |       0 |      26 |   0.0 |   663
           D:9 |       0 |    8665 |   0.0 |       0 |      93 |   0.0 |  1407
          D:10 |       0 |    2499 |   0.0 |       0 |      25 |   0.0 |   887
          D:11 |       0 |   11381 |   0.0 |       0 |      52 |   0.0 |  1243
        Lair:1 |       0 |     720 |   0.0 |       0 |       2 |   0.0 |    23
         Orc:1 |       0 |    4424 |   0.0 |       0 |      38 |   0.0 |   695
         Orc:2 |       0 |   10472 |   0.0 |       0 |      78 |   0.0 |  1431
         Elf:1 |       0 |   23070 |   0.0 |       0 |      41 |   0.0 |  1430
         Elf:2 |       0 |   32608 |   0.0 |       0 |      49 |   0.0 |  1194
               +---------+---------+-------+---------+---------+-------+---------
